 Dungeon Crawl Stone Soup version 0.17.0-28-g6e173f8 (webtiles) character file.

77 Ivanskos the Shield-Bearer (level 4, 26/42 HPs)
             Began as a Deep Dwarf Fighter on Nov 28, 2015.
             Was a Follower of Dithmenos.
             Got out of the dungeon alive.
             The game lasted 00:06:21 (1416 turns).

Ivanskos the Shield-Bearer (Deep Dwarf Fighter)     Turns: 1416, Time: 00:06:21

Health: 26/42      AC:  7    Str: 20    XL:     4   Next: 14%
Magic:  4/4        EV:  8    Int:  9    God:    Dithmenos [*.....]
Gold:   134        SH:  9    Dex: 12    Spells: 0 memorised, 3 levels left

rFire  . . .     SeeInvis .     a - +0 flail
rCold  . . .     Clarity  .     b - +0 scale mail
rNeg   . . .     SustAt   .     c - +0 shield
rPois  .         Gourm    .     (no helmet)
rElec  .         Spirit   .     (no cloak)
rCorr  .         Warding  .     (no gloves)
rMut   .         Stasis   +     (no boots)
MR     .....                    g - amulet of stasis
Stlth  ..........               (no ring)
                                (no ring)

@: non-regenerating, wreathed by umbra, not resistant to hostile enchantments,
extremely unstealthy
A: damage resistance, recharge devices, sense surroundings 1, slow regeneration
3
a: Device Recharging, Renounce Religion


You escaped.
You worshipped Dithmenos.
Dithmenos was aware of your devotion.
You were near starving.

You visited 1 branch of the dungeon, and saw 2 of its levels.

You collected 134 gold pieces.

Inventory:

Hand Weapons
 a - a +0 flail (weapon)
Armour
 b - a +0 scale mail (worn)
 c - a +0 shield (worn)
Jewellery
 g - an amulet of stasis (around neck)
Wands
 e - a wand of heal wounds (5)
Scrolls
 i - 2 scrolls of identify {unknown}
 j - a scroll of remove curse
 n - 2 scrolls of fear {unknown}
Potions
 d - a potion of might
 k - 2 potions of brilliance {unknown}
 m - a potion of mutation {unknown}
Comestibles
 f - a bread ration
 h - a meat ration
 l - a slice of pizza


   Skills:
 + Level 3.0 Fighting
 + Level 2.6 Maces & Flails
 + Level 3.8 Armour
 - Level 1.6 Dodging
 + Level 4.0 Shields


You had 3 spell levels left.
You didn't know any spells.

Dungeon Overview and Level Annotations

Branches:
Dungeon (2/15)

Altars:
Ashenzari
Dithmenos
The Shining One


Innate Abilities, Weirdness & Mutations

You are resistant to damage.
You can recharge devices by infusing magical energy.
You passively map a small area around you.
You do not regenerate naturally.


Message History

Where to? (? - help)
You enter the shallow water.
Moving in this stuff is going to be slow.
There is a stone staircase leading up here.
You climb upwards.
There is a stone staircase leading down here.
(D) Dungeon
Where to? (Enter - D:1, ? - help)
Okay, then.
There is a stone staircase leading down here.
There is an open door here.
There is an open door here.
There is an open door here.
There is an open door here.
There is an open door here.
There is an open door here.
There is a staircase leading out of the dungeon here.
You can't go down here!
Are you sure you want to leave the Dungeon?
This will make you lose the game!
You have escaped!

#.# #.# #.# ###... #.# #######
###.# #... #.###### #.....#
#...# #.## #.#....# #.....#
#.### ###.## ###.#.####
#.....#####.# #...## #.....#
#.....#...#.# #.#### ......#
#.....'...#.# #.# #
..>...######'#####...#.#####.#
#
..#.#.#........#@##'##.......#
#
..###.#........#'#..##†#######
# ..# #.#).......#.'..##.# #
..# #.#........#######.# # ..#
#.#........#.......####### #
.## #.#........#.............#
# .#
#.#........#...#########.# #
[# #.#........'...#
######.#### .##
#.##########...# #..........


There were no monsters in sight!

Vanquished Creatures
  2 adders (D:2)
  A worm (D:2)
  3 giant geckos
  5 bats
  2 giant cockroaches
  3 goblins
  8 hobgoblins
  6 jackals
  7 kobolds
  A ball python (D:2)
  5 giant newts
  5 rats
48 creatures vanquished.

Notes
Turn   | Place    | Note
--------------------------------------------------------------
     0 | D:1      | Ivanskos the Deep Dwarf Fighter began the quest for the Orb.
     0 | D:1      | Reached XP level 1. HP: 20/20 MP: 1/1
   152 | D:1      | Reached XP level 2. HP: 27/27 MP: 2/2
   293 | D:1      | Found a shattered altar of Ashenzari.
   690 | D:2      | Reached XP level 3. HP: 29/33 MP: 3/3
   730 | D:2      | Reached skill level 1 in Dodging
  1035 | D:2      | Found a shattered altar of Ashenzari.
  1074 | D:2      | Found a glowing golden altar of the Shining One.
  1156 | D:2      | Reached XP level 4. HP: 27/40 MP: 4/4
  1228 | D:2      | Found a faded altar to an unknown god.
  1232 | D:2      | Reached skill level 4 in Shields
  1250 | D:2      | Became a worshipper of Dithmenos the Shadowed
  1250 | D:2      | Reached * piety under Dithmenos
  1416 | D:$      | Got out of the dungeon alive.

Action                   |  1- 3 |  4- 6 || total
-------------------------+-------+-------++-------
Melee: Flail             |   153 |    22 ||   175
  Use: Scroll            |     1 |       ||     1
